 Dungeon Crawl Stone Soup version 0.26-a0-651-gb41185065b (webtiles) character file.

Game seed: 4532832657595541742

11 Lanoc the Digger (level 2, -2/24 HPs)
             Began as a Ghoul Wanderer on Oct 28, 2020.
             Slain by an adder (3 damage)
             ... on level 3 of the Dungeon.
             The game lasted 00:01:04 (423 turns).

Lanoc the Digger (Ghoul Wanderer)                    Turns: 423, Time: 00:01:04

Health: -2/24      AC:  2    Str: 12    XL:     2   Next: 29%
Magic:  3/3        EV: 11    Int: 11    God:
Gold:   26         SH:  0    Dex:  7    Spells: 4/4 levels left

rFire    . . .     SeeInvis .   e - +1 dagger (venom)
rCold    + . .     Faith    .   (no shield)
rNeg     + + +     Spirit   .   d - +0 robe
rPois    ∞         Reflect  .   (no helmet)
rElec    .         Harm     .   (no cloak)
rCorr    .         Rampage  .   (no gloves)
MR       .....                  (no boots)
Stlth    +.........             (no amulet)
HPRegen  0.00/turn              (no ring)
MPRegen  0.08/turn              (no ring)

@: no status effects
A: rotting body, claws 1, cold resistance 1, negative energy resistance 3,
inhibited regeneration, torment resistance, unbreathing
a: no special abilities


You were on level 3 of the Dungeon.
You visited 1 branch of the dungeon, and saw 3 of its levels.

You collected 26 gold pieces.

Inventory:

Hand Weapons
 e - a +1 dagger of venom (weapon)
Armour
 d - a +0 robe (worn)
Scrolls
 b - a scroll of teleportation
Potions
 c - 2 potions of might {unknown}


   Skills:
 + Level 1.9 Fighting
 - Level 1.0 Throwing
 - Level 1.7 Armour
 + Level 1.1 Dodging
   Level 1.0 Shields
 - Level 1.7 Spellcasting
   Level 2.1 Earth Magic
   Level 1.0 Poison Magic


You had 4 spell levels left.
You didn't know any spells.
Your spell library contained the following spells:

 Spells                   Type           Power        Failure   Level
 Sandblast                Erth           #.....       12%         1
 Sting                    Tmut/Pois      #...         24%         1
 Poisonous Vapours        Pois/Air       #.....       36%         2
 Stone Arrow              Conj/Erth      #.....       50%         3
 Ignite Poison            Fire/Tmut/Pois #.......     61%         3
 Mephitic Cloud           Conj/Pois/Air  #.......     61%         3
 Olgreb's Toxic Radiance  Pois           #.......     89%         4


Dungeon Overview and Level Annotations

Branches:
Dungeon (3/15)

Altars:

Annotations:
D:2 Sigmund, Terence


Innate Abilities, Weirdness & Mutations

Your body is rotting away.
You thrive by killing the living.
You are immune to poison.
You have sharp fingernails.
Your flesh is cold resistant. (rC+)
You are immune to negative energy. (rN+++)
You do not regenerate when monsters are visible.
You are immune to unholy pain and torment.
You can survive without breathing.


Message History

Found a scroll of teleportation.
Found an escape hatch in the floor.
Found a stone staircase leading down.
There is a stone staircase leading up here.
You barely miss the adder. The adder barely misses you.
You closely miss the adder. The adder closely misses you.
You barely miss the adder. The adder bites you.
* * * LOW HITPOINT WARNING * * *
The adder barely misses you.
You barely miss the adder. The adder barely misses you.
You hit the adder but do no damage.
The adder is poisoned.
The adder misses you.
You hit the adder.
The adder looks as sick as possible!
The adder is moderately wounded.
The adder barely misses you. The adder bites you.
* * * LOW HITPOINT WARNING * * *
The adder bites you but does no damage.
You closely miss the adder.
The adder is severely wounded.
The adder bites you.
You die...

#.#. ##...#####
#. #........# ..
#......>.###.#
#....>.......###
#......?........
#.......<#
#........#
#...@S...#
##########


You could see an adder (very poisoned).

Vanquished Creatures
  A worm (D:2)
  A leopard gecko (D:2)
  A giant cockroach (D:1)
  A goblin (D:2)
  2 bats (D:2)
  2 frilled lizards
  A rat (D:2)
9 creatures vanquished.

Notes
Turn   | Place    | Note
-------+----------+-------------------------------------------
     0 | D:1      | Lanoc the Ghoul Wanderer began the quest for the Orb.
     0 | D:1      | Lanoc set off with the following items: a +0 club, a scroll
                  | of teleportation, a +0 robe; and the following spells
                  | available to memorise: Sandblast, Sting, Poisonous Vapours,
                  | Stone Arrow, Ignite Poison, Mephitic Cloud, Olgreb's Toxic
                  | Radiance
     0 | D:1      | Reached XP level 1. HP: 16/16 MP: 2/2
     3 | D:1      | Noticed an electric eel
   323 | D:2      | Reached XP level 2. HP: 20/24 MP: 3/3
   336 | D:2      | Reached skill level 1 in Dodging
   409 | D:2      | Noticed Sigmund
   411 | D:2      | Noticed Terence
   418 | D:3      | HP: 1/24 [adder (4)]
   423 | D:3      | Slain by an adder

Illustrated notes

Levels and vault maps discovered:
D:1:      arrival_aquarium_a, layout_loops_corners, minmay_misc_feat_diagonals,
          st_stairs_3
D:2:      layout_loops_cross, uniq_sigmund, uniq_crazy_yiuf_cottage,
          uniq_terence
D:3:      layout_rooms

Skill      XL: |  1  2 |
---------------+-------+-----
Dodging        | 1 |  1.1
Fighting       | |  1.9
Throwing       | |  1.0
Armour         | |  1.7
Shields        | |  1.0
Spellcasting   | |  1.7
Earth Magic    | |  2.1
Poison Magic   | |  1.0

Action                   || total
-------------------------++-------
Melee: Club              ||    40
       Dagger            ||    16
Armor: Robe              ||    22
Dodge: Dodged            ||    44

Table legend: (Time is in decaauts)
 A = Elapsed time spent in this place.
 B = Non-inter-level travel time spent in this place.
 C = Inter-level travel time spent in this place.
 D = Time resting spent in this place.
 E = Time spent auto-exploring this place.
 F = Levels seen in this place.
 G = Mean time per level.
                   A        B        C        D        E       F      G
               +--------+--------+--------+--------+--------+-----+--------+
         Total |    433 |    433 |      0 |      0 |    319 |   3 |  144.3 |
       Dungeon |    433 |    433 |      0 |      0 |    319 |   3 |  144.3 |
               +--------+--------+--------+--------+--------+-----+--------+

Top non-repeatable levels by time:
     D:1: 297 daAuts
     D:2: 125 daAuts
     D:3: 10 daAuts
